 Dungeon Crawl Stone Soup version 0.30-a0-354-g6b83867211 (webtiles) character file.

Game seed: 6937361246029005131

107 snetch the Chopper (level 4, -14/41 HPs)
             Began as a Minotaur Berserker on Nov 7, 2022.
             Was a Believer of Trog.
             Killed from afar by an oklob sapling (27 damage)
             ... with a splash of acid
             ... on level 4 of the Dungeon.
             The game lasted 00:07:38 (2198 turns).

snetch the Chopper (Minotaur Berserker)             Turns: 2198, Time: 00:07:40

Health: -14/41     AC:  1    Str: 24    XL:     4   Next: 56%
Magic:  3/3        EV: 12    Int:  6    God:    Trog [**....]
Gold:   157        SH:  0    Dex:  9    Spells: 3/3 levels left

rFire   . . .      SeeInvis .    a - +0 hand axe
rCold   + . .      Faith    .    (no shield)
rNeg    . . .      Spirit   .    q - +1 leather armour of Vikkilen {+Inv rC+ Int+2}
rPois   .          Reflect  .    (helmet restricted)
rElec   .          Harm     .    (no cloak)
rCorr   .          Rampage  .    (no gloves)
Will    .....                    c - +0 pair of boots
Stlth   +.........               u - amulet of the acrobat
HPRegen 0.26/turn                (no ring)
MPRegen 0.08/turn                (no ring)

@: corroded
A: horns 2, retaliatory headbutt
a: Renounce Religion, Evoke Invisibility, Berserk, Trog's Hand


You were on level 4 of the Dungeon.
You worshipped Trog.
Trog was pleased with you.
You visited 1 branch of the dungeon, and saw 4 of its levels.

You collected 157 gold pieces.

Inventory:

Hand Weapons
 a - a +0 hand axe (weapon)
Missiles
 b - 38 stones (quivered)
 f - 5 boomerangs
 n - 7 javelins
 t - 5 poisoned darts
Armour
 c - a +0 pair of boots (worn)
 d - a +0 plate armour
 q - the +1 leather armour of Vikkilen (worn) {+Inv rC+ Int+2}
   (You found it on level 2 of the Dungeon)

   Int:       It affects your intelligence (+2).
   rC:        It protects you from cold.
   +Inv:      It lets you turn invisible.
 r - a +0 chain mail
Jewellery
 u - an amulet of the acrobat (around neck)
Wands
 s - a wand of iceblast (8)
Scrolls
 e - a scroll of summoning {unknown}
 i - 5 scrolls of identify {unknown}
 k - a scroll of immolation {unknown}
 p - a scroll of fear {unknown}
Potions
 g - 3 potions of curing {unknown}
 h - a potion of heal wounds {unknown}
 j - 3 potions of attraction {unknown}
 l - a potion of cancellation {unknown}
 m - a potion of degeneration {unknown}
 o - 2 potions of invisibility {unknown}


   Skills:
 + Level 4.5 Fighting
 + Level 5.2 Axes
 + Level 3.2 Armour
 + Level 2.6 Dodging


You had 3 spell levels left.
You didn't know any spells.
Your spell library contained the following spells:

 Spells                   Type           Power      Damage    Failure   Level
 Cigotuvi's Dreadful Rot  Necr/Pois/Air  0%         N/A       65%         2
 Ensorcelled Hibernation  Hex/Ice        0%         N/A       65%         2
 Passwall                 Tmut/Erth      0%         N/A       65%         2
 Poisonous Vapours        Pois/Air       0%         N/A       65%         2
 Mephitic Cloud           Conj/Pois/Air  0%         N/A       86%         3
 Swiftness                Air            0%         N/A       86%         3


Dungeon Overview and Level Annotations

Branches:
Dungeon (4/15)             Temple (0/1) D:4

Altars:
Kikubaaqudgha

Annotations:
D:1 orbs behind stone
D:4 exclusion: oklob sapling


Innate Abilities, Weirdness & Mutations

You have a pair of horns on your head.
You reflexively headbutt those who attack you in melee.


Message History

Found a scale mail.
Marking area around an oklob sapling as unsafe for travelling.
Really walk into a travel-excluded area?
Really walk into a travel-excluded area?
You slash the plant!
The plant begins to die.
The plant is lightly damaged.
You hit the plant.
The plant begins to die.
You hit the plant.
The plant begins to die.
You hit the plant.
The plant begins to die.
A nearby plant withers and dies.
Really walk into a travel-excluded area?
The oklob sapling spits acid at you. The splash of acid misses you.
You hit the oklob sapling but do no damage.
You headbutt the oklob sapling, but do no damage.
You hit the plant.
The plant begins to die.
You hit the plant.
The plant begins to die.
You slash the oklob sapling!
The oklob sapling is moderately damaged.
You hit the plant. x2
You hit the oklob sapling.
The oklob sapling is heavily damaged.
You hit the plant. You slash the plant! You hit the oklob sapling.
The oklob sapling is heavily damaged.
You hit the plant. You hit the plant but do no damage.
A nearby plant withers and dies.
You hit the oklob sapling but do no damage.
The oklob sapling is heavily damaged.
You hit the plant.
A nearby plant withers and dies.
The oklob sapling spits acid at you. The splash of acid hits you!!
Ouch! That really hurt!
The acid corrodes you!
You hit the oklob sapling but do no damage.
You headbutt the oklob sapling.
The oklob sapling is almost destroyed.
The oklob sapling spits acid at you. The splash of acid hits you!!
Ouch! That really hurt!
You die...

### ... .# # #.# .##
.## #.## .. .... #
#.. .##..#
#.##.###.#...#
#.......P....#
####.....PP.P#
#.#.@..PP.#
#.#..P>.P.#
##########..PPPP.PP#
#..<.....#.#.P.PPP...
#.######.#.#..PP..P#.
.. ####....#..#####
#.. ###............#
#. #........#.#.#.# #
#......#.......#


You could see an oklob sapling.

Vanquished Creatures
  3 adders
  A worm (D:2)
  6 dart slugs
  An orc (D:3)
  6 bats
  2 endoplasms (D:1)
  6 giant cockroaches
  5 goblins
  7 hobgoblins
  3 jackals (D:2)
  A quokka (D:1)
  7 ball pythons
  3 frilled lizards
  4 kobolds
  7 rats
62 creatures vanquished.

Vanquished Creatures (others)
  6 plants (D:4)
6 creatures vanquished.

Grand Total: 68 creatures vanquished

Notes
Turn   | Place    | Note
-------+----------+-------------------------------------------
     0 | D:1      | snetch the Minotaur Berserker began the quest for the Orb.
     0 | D:1      | Reached XP level 1. HP: 19/19 MP: 0/0
   141 | D:1      | Reached XP level 2. HP: 27/27 MP: 1/1
   184 | D:1      | Reached skill level 4 in Axes
   442 | D:1      | Reached ** piety under Trog
   512 | D:1      | Noticed a great orb of eyes
   514 | D:1      | Found a faded altar of an unknown god.
   515 | D:1      | Noticed an eye of devastation
   515 | D:1      | Noticed a golden eye
   515 | D:1      | Noticed a floating eye
   519 | D:1      | Reached XP level 3. HP: 29/33 MP: 2/2
  1068 | D:2      | Reached XP level 4. HP: 36/41 MP: 3/3
  1190 | D:2      | Identified the +1 leather armour of Vikkilen {+Inv rC+
                  | Int+2}
  1728 | D:3      | Reached skill level 5 in Axes
  2128 | D:3      | Found an ancient bone altar of Kikubaaqudgha.
  2170 | D:4      | Found a staircase to the Ecumenical Temple.
  2198 | D:4      | Killed from afar by an oklob sapling

Illustrated notes

Levels and vault maps discovered:
D:1:      dpeg_arrival_tiny_d, layout_basic,
          hellmonk_ecumenical_altar_watching_god
D:2:      layout_basic
D:3:      layout_rooms, mainiacjoe_overflow_alcove_1, kennysheep_another_room,
          minmay_misc_feat_five
D:4:      layout_loops_corners, minmay_temple_entry_oklob,
          serial_co_window_serial, co_window_corner_a, co_window_paths_a,
          co_window_corner_a, co_window_of_opportunity_a, co_window_cross_1,
          co_window_of_opportunity_b, co_window_broadway_b, co_window_corner_b,
          co_window_paths_d, co_window_4corner_b, glass_columns_b,
          glass_columns_a, glass_columns_a, grunt_ministairs_5, abandoned_shop,
          uniq_menkaure, uniq_ijyb

Skill      XL: |  1  2  3  4 |
---------------+-------------+-----
Axes           | 4 5 |  5.2
Fighting       | 4 |  4.5
Armour         | 3 |  3.2
Dodging        | |  2.6

Action                   |  1- 3 |  4- 6 || total
-------------------------+-------+-------++-------
Melee: Hand axe          |    74 |    41 ||   115
       Headbutt          |    10 |     6 ||    16
Armor: Animal skin       |     1 |       ||     1
       Plate armour      |    48 |     2 ||    50
       Leather armour    |       |     9 ||     9
Dodge: Dodged            |    34 |    25 ||    59

Table legend: (Time is in decaauts)
 A = Elapsed time spent in this place.
 B = Non-inter-level travel time spent in this place.
 C = Inter-level travel time spent in this place.
 D = Time resting spent in this place.
 E = Time spent auto-exploring this place.
 F = Levels seen in this place.
 G = Mean time per level.
                   A        B        C        D        E       F      G
               +--------+--------+--------+--------+--------+-----+--------+
         Total |   2208 |   2059 |    149 |      0 |   1488 |   4 |  552.0 |
       Dungeon |   2208 |   2059 |    149 |      0 |   1488 |   4 |  552.0 |
               +--------+--------+--------+--------+--------+-----+--------+

Top non-repeatable levels by time:
     D:2: 868 daAuts
     D:1: 711 daAuts
     D:3: 578 daAuts
     D:4: 51 daAuts
